 Dungeon Crawl Stone Soup version 0.23-a0-164-g7711e57 (webtiles) character file.

88 grindst0ne the Covert (level 4, -5/29 HPs)
             Began as an Octopode Assassin on Sept 9, 2018.
             Killed by divine providence
             ... invoked by an orc priest
              (8 damage)
             ... on level 3 of the Dungeon.
             The game lasted 00:03:34 (2203 turns).

grindst0ne the Covert (Octopode Assassin)           Turns: 2203, Time: 00:03:35

Health: -5/29      AC:  1    Str: 10    XL:     4   Next: 53%
Magic:  4/4        EV: 12    Int: 13    God:
Gold:   179        SH:  0    Dex: 14    Spells: 3/3 levels left

rFire    . . .     SeeInvis .   o - +0 dagger (venom)
rCold    . . .     Gourm    .   (no shield)
rNeg     . . .     Faith    .   (helmet restricted)
rPois    .         Spirit   .   (no amulet)
rElec    .         Reflect  .   (no ring)
rCorr    .         Harm     .   (no ring)
MR       .....                  (no ring)
Stlth    ++++......             (no ring)
HPRegen  0.09/turn              (no ring)
MPRegen  0.09/turn              (no ring)
                                (no ring)
                                (no ring)

@: heavily drained
A: almost no armour, stealthy swim, amphibious, 8 rings, constrict 8, camouflage
1, gelatinous body 1
a: no special abilities


You were on level 3 of the Dungeon.
You were not hungry.

You visited 1 branch of the dungeon, and saw 3 of its levels.

You collected 179 gold pieces.

Inventory:

Hand Weapons
 a - a +2 dagger
 b - a +0 blowgun
 o - a +0 dagger of venom (weapon)
Missiles
 c - 8 poisoned needles
 d - 2 curare-tipped needles
Scrolls
 e - 2 scrolls of identify {unknown}
 h - a scroll of fear {unknown}
 i - 2 scrolls of teleportation {unknown}
 j - 2 scrolls of immolation {unknown}
 l - a scroll of magic mapping {unknown}
 m - 2 scrolls of remove curse {unknown}
Potions
 g - 2 potions of curing
 n - a potion of flight {unknown}
Comestibles
 f - 2 rations
 k - a chunk of flesh


   Skills:
 - Level 2.0(0.7) Fighting
 - Level 2.0(0.7) Short Blades
 - Level 2.0(0.7) Throwing
 - Level 1.0(0.0) Dodging
 + Level 8.1(6.6) Stealth


You had 3 spell levels left.
You didn't know any spells.
Your spell library was empty.

Dungeon Overview and Level Annotations

Branches:
Dungeon (3/15)

Altars:
Hepliaklqana


Innate Abilities, Weirdness & Mutations

You cannot wear most types of armour.
You are very stealthy in the water. (Stealth+)
You are amphibious.
You can wear up to eight rings at the same time.
You can use your tentacles to constrict eight enemies at once.
Your skin changes colour to match your surroundings (Stealth+).
Your rubbery body absorbs attacks. (AC +1, EV +1)


Message History

An orc and an orc priest come into view.
You see here a rat corpse.
The orc priest shouts!
You closely miss the orc. Your grab misses the orc.
The orc completely misses you. The orc hits you but does no damage.
The orc barely misses you.
You see here a rat corpse.
The orc priest looks satisfied for a moment.
The orc barely misses you.
The orc priest calls down the wrath of Beogh upon you.
Beogh smites you!
Things that are here:
a scroll labeled ICUKEYSEDIA; a chunk of flesh The orc priest mumbles some strange prayers to Beogh against you.
Beogh smites you!
* * * LOW HITPOINT WARNING * * *
There is a stone staircase leading up here.
The orc priest mumbles some strange prayers to Beogh against you.
Beogh smites you!
You die...

....## #.... #.#....
#.#o# ... ... #.#.# #
#.. ...#.#.# #.#.#
#.#.#.# #####.#.# ...#.#
........#######.#.#####
.#######...?o....†......
.......@.oo......#######
####.......#####.#
#.......# #... #.......#
##### #.......#
#.......# #.......#
#########


You could see an orc priest and 2 orcs.

Vanquished Creatures
  A gnoll (D:1)
  A worker ant zombie (D:2)
  An adder (D:2)
  A worm (D:2)
  2 dart slugs (D:1)
  2 leopard geckos
  2 giant cockroaches
  7 goblins
  8 hobgoblins
  5 bats
  5 frilled lizards
  7 kobolds
  12 rats
54 creatures vanquished.

Notes
Turn   | Place    | Note
-------+----------+-------------------------------------------
     0 | D:1      | grindst0ne the Octopode Assassin began the quest for the
                  | Orb.
     0 | D:1      | Reached XP level 1. HP: 14/14 MP: 1/1
    18 | D:1      | Reached skill level 6 in Stealth
    18 | D:1      | Reached XP level 2. HP: 10/19 MP: 2/2
   722 | D:1      | Reached XP level 3. HP: 20/24 MP: 3/3
   818 | D:1      | Reached skill level 7 in Stealth
  1325 | D:2      | HP: 1/24 [poisoned by an adder]
  1327 | D:2      | Reached XP level 4. HP: 8/29 MP: 4/4
  1942 | D:2      | Reached skill level 8 in Stealth
  2041 | D:2      | Found a hazy altar of Hepliaklqana.
  2203 | D:3      | Killed from afar by an orc priest

Vault maps used:
D:1:      tarquinn_simple_flora_water_f
D:2:      nicolae_overflow_crystal_walls, due_unseen_surprise
D:3:      tgw_trog, first_ration

Skill      XL: |  1  2  3  4 |
---------------+-------------+-----
Stealth        | 6 7 8 |  8.1
Fighting       | |  2.0
Short Blades   | |  2.0
Throwing       | |  2.0
Dodging        | |  1.0

Action                   |  1- 3 |  4- 6 || total
-------------------------+-------+-------++-------
Melee: Dagger            |    79 |    35 ||   114
       Tentacles         |    12 |     5 ||    17
       Constrict         |    20 |    11 ||    31
  Use: Potion            |     2 |       ||     2
 Stab: Sleeping          |     6 |     2 ||     8
  Eat: Chunk             |     1 |     3 ||     4
Armor: Skin              |    14 |     5 ||    19
Dodge: Dodged            |    56 |    25 ||    81

Table legend:
 A = Non-vault XP
 B = Vault XP
 C = Vault XP percentage of total XP
 D = Non-vault monster count
 E = Vault monster count
 F = Vault count percentage of total count
                 A         B        C        D         E       F
            +---------+---------+-------+---------+---------+-------
      Total |     126 |       0 |   0.0 |      54 |       0 |   0.0
            +---------+---------+-------+---------+---------+-------
        D:1 |      54 |       0 |   0.0 |      27 |       0 |   0.0
        D:2 |      68 |       0 |   0.0 |      25 |       0 |   0.0
        D:3 |       4 |       0 |   0.0 |       2 |       0 |   0.0
            +---------+---------+-------+---------+---------+-------
